 Dungeon Crawl Stone Soup version 0.29-a0-284-gf9362112df (webtiles) character file.

Game seed: 15756227777302562679

9 spaghetti the Sneak (level 2, 28/28 HPs)
             Began as a Naga Delver on Mar 21, 2022.
             Quit the game on level 6 of the Dungeon.
             The game lasted 00:01:22 (55 turns).

spaghetti the Sneak (Naga Delver)                     Turns: 55, Time: 00:01:23

Health: 28/28      AC:  2    Str: 14    XL:     2   Next: 12%
Magic:  2/2        EV:  9    Int: 10    God:
Gold:   0          SH:  0    Dex: 12    Spells: 1/1 levels left

rFire   . . .      SeeInvis +   a - +0 short sword {short}
rCold   . . .      Faith    .   (no shield)
rNeg    . . .      Spirit   .   b - +0 leather armour
rPois   +          Reflect  .   (no helmet)
rElec   .          Harm     .   (no cloak)
rCorr   .          Rampage  .   (no gloves)
Will    .....                   (no barding)
Stlth   +++.......              (no amulet)
HPRegen 0.09/turn               (no ring)
MPRegen 0.08/turn               (no ring)

@: short of breath, very slow
A: AC +0, large, see invisible, deformed body, poison resistance, slowness 2,
spit poison 1, naga tail 1
a: Spit Poison


You were on level 6 of the Dungeon.
You visited 1 branch of the dungeon, and saw 2 of its levels.


Innate Abilities, Weirdness & Mutations

Your serpentine skin is tough. (AC +0)
You have supernaturally acute eyesight. (SInv)
Armour fits poorly on your strangely shaped body.
Your system is resistant to poisons. (rPois)
You cover ground very slowly.
You can spit poison.
You have a snake-like lower body.


   Skills:
 - Level 3.0 Fighting
 - Level 2.0 Short Blades
 - Level 1.5 Dodging
 + Level 7.9 Stealth


You had one spell level left.
You didn't know any spells.
Your spell library was empty.

Inventory:

Hand Weapons
 a - a +0 short sword (weapon) {short}
Armour
 b - a +0 leather armour (worn)
Wands
 d - a wand of iceblast (10)
   (You found it on level 6 of the Dungeon)
 g - a wand of digging (3)
Scrolls
 c - a scroll of fog
 e - a scroll of fear
Potions
 f - a potion of haste {@q3}
 h - 2 potions of curing {unknown}

Dungeon Overview and Level Annotations

Branches:
Dungeon (6/15)
 Temple: D:4-7

Altars:

*,* *,*,* *,* *,*,* *,*
*,*,* *,* *,*,* *,* *,*,*
*##***,* *,*,*
..,,,,,****,*,*
.,,,,,,,,,,,#.##############
#***********#.J.@..........#
# ##############.# # #.#
###### #.# ...).# #.# ####.#
#.#
#.#####################.#
#...................†...#
#########################


You could see a jelly.


Message History

🤖 Initializing magus.rc ...
Options error: Delay interrupt name "hungry" not recognised. (~/.crawlrc:4761) Options error: Bad monster_list_colour key: strict_neutral (~/.crawlrc:4776) ✅ Successfully initialized magus.rc [v1.9.6] Welcome, spaghetti the Naga Delver.
Are you destined to find the fabulous Orb of Zot, or to die trying?
Press ? for a list of commands and other information.
Found 12 gold pieces.
Found a stone staircase leading down.
You climb downwards.
Found a trident.
Found a stone staircase leading up.
There is a stone staircase leading up here.
Unknown command.
You see here a +0 trident {polearm}.
Really read
d - a scroll of magic mapping {!r}?
As you read the scroll of magic mapping {!r}, it crumbles to dust.
You feel aware of your surroundings.
Unknown command.
d - a wand of iceblast (10)
An adder comes into view.
An adder is nearby!
An adder is nearby!
An adder is nearby!
The helpless adder fails to defend itself.
You impale the adder!!
You kill the adder!
You have reached level 2! 😎 HP[+7] MP[+1]
You now have 28 max hp (+7).
Your hp is fully restored (28).
Your mp is fully restored (2).
You see here an adder corpse.
A jelly comes into view.
h - 2 pink potions
There are no items here.
Aiming: Spit Poison (2% risk of failure)
Press: ? - help, Shift-Dir - straight line, f - jelly
Aim: a jelly (wandering, hasn't noticed you, 100% to hit)
The splash of poison hits the jelly.
The jelly quivers.
You can't do that yet.
Unknown command.
Okay, then.
Okay, then.
Unknown command.
Are you sure you want to abandon this character and quit the game? (Confirm with "yes".)

Action                   || total
-------------------------++-------
Melee: Short sword       ||     1
 Abil: Spit Poison       ||     1
  Use: Scroll            ||     1
 Stab: Sleeping          ||     1

Levels and vault maps discovered:
D:5:      layout_loops_ring, gammafunk_ghost_gnarly_gnolls,
          minmay_misc_feat_tower, uniq_grinder, uniq_menkaure
D:6:      layout_loops_ring

Notes
Turn   | Place    | Note
-------+----------+-------------------------------------------
     0 | D:5      | spaghetti the Naga Delver began the quest for the Orb.
     0 | D:5      | Reached XP level 1. HP: 21/21 MP: 1/1
     0 | D:5      | magus.rc [v1.9.6]
     1 | D:6      | Noticed an orc priest
    32 | D:6      | Reached XP level 2. HP: 28/28 MP: 2/2
    55 | D:6      | Quit the game

Vanquished Creatures
  An adder (D:6)
1 creature vanquished.

Table legend:
 A = Non-vault XP
 B = Vault XP
 C = Vault XP percentage of total XP
 D = Non-vault monster count
 E = Vault monster count
 F = Vault count percentage of total count
                 A         B        C        D         E       F
            +---------+---------+-------+---------+---------+-------
      Total |      13 |       0 |   0.0 |       1 |       0 |   0.0
            +---------+---------+-------+---------+---------+-------
        D:6 |      13 |       0 |   0.0 |       1 |       0 |   0.0
            +---------+---------+-------+---------+---------+-------

Illustrated notes

Table legend:
 A = Kills in this place as a percentage of kills in entire the game.
 B = Kills by you in this place as a percentage of kills by you in the entire game.
 C = Kills by friends in this place as a percentage of kills by friends in the entire game.
 D = Other kills in this place as a percentage of other kills in the entire game.
 E = Experience gained in this place as a percentage of experience gained in the entire game.
 F = Experience gained in this place divided by the number of levels of this place that you have seen.
                   A       B       C       D       E      F
               +-------+-------+-------+-------+-------+----------------------
         Total | 100.0 | 100.0 |   N/A |   N/A | 100.0 |   6.5
       Dungeon | 100.0 | 100.0 |   N/A |   N/A | 100.0 |   6.5
               +-------+-------+-------+-------+-------+----------------------

Table legend: (Time is in decaauts)
 A = Elapsed time spent in this place.
 B = Non-inter-level travel time spent in this place.
 C = Inter-level travel time spent in this place.
 D = Time resting spent in this place.
 E = Time spent auto-exploring this place.
 F = Levels seen in this place.
 G = Mean time per level.
                   A        B        C        D        E       F      G
               +--------+--------+--------+--------+--------+-----+--------+
         Total |     74 |     74 |      0 |      0 |     28 |   2 |   37.0 |
       Dungeon |     74 |     74 |      0 |      0 |     28 |   2 |   37.0 |
               +--------+--------+--------+--------+--------+-----+--------+

Top non-repeatable levels by time:
     D:6: 73 daAuts
     D:5: 1 daAuts
